 Dungeon Crawl Stone Soup version 0.27.0-1-g7a089689b8 (webtiles) character file.

Game seed: 3425280470341068165

5852 bearlyready the Fighter (level 11, 0/87 HPs)
             Began as a Djinni Conjurer on Aug 8, 2021.
             Was a Priest of Ashenzari.
             Slain by a spark wasp (shapeshifter) (12 damage)
             ... on level 8 of the Dungeon.
             The game lasted 00:28:46 (12110 turns).

bearlyready the Fighter (Djinni Conjurer)          Turns: 12110, Time: 00:28:46

Health: 0/87       AC:  4    Str:  8    XL:     11   Next: 7%
Gold:   380        EV: 17    Int: 20    God:    Ashenzari [***...] SH:  5 Dex: 13

rFire    + + .     SeeInvis +   E - +3 short sword of Curses and Power {vorpal, rPois rN++ Will+ MP+9, Cun, Fort} (curse)
rCold    . . .     Faith    .   k - +0 buckler of Ashenzari's Portent {Self, Cun} (curse)
rNeg     + + +     Spirit   .   y - +1 robe "Prophetic Foul Odors" {rC+ rN+ rCorr, Self, Cun} (curse)
rPois    ∞         Reflect  .   e - +0 helmet of Ashenzari's Regret {Cun, Range} (curse)
rElec    .         Harm     .   j - scarf of Ashenzari's Stars {+Inv, Range, Evo} (curse)
rCorr    +         Rampage  .   (no gloves)
Will     ++...     Clarity  +   (boots unavailable)
Stlth    ++++......             (no amulet)
HPRegen  0.24/turn              (no ring)
MPRegen  0.00/turn              (no ring)

@: flying
A: sickness immunity, fire resistance 2, cold vulnerability 1, float, innate
caster, hp casting, extra vitality 1
a: Renounce Religion, Evoke Invisibility, Shatter the Chains


You were on level 8 of the Dungeon.
You worshipped Ashenzari.
Ashenzari was most pleased with you.
You visited 1 branch of the dungeon, and saw 9 of its levels.

You collected 380 gold pieces.

Inventory:

Hand Weapons
 a - a +2 long sword of freezing
 b - a +0 whip
 m - a +0 dagger of venom
 o - a +0 rapier
 t - the +4 spear "Are Etio" {vorpal, rN+ Int+3 Dex+3 Stlth-}
   (You found it on level 4 of the Dungeon)

   It inflicts extra damage upon your enemies.
   Int:       It affects your intelligence (+3).
   Dex:       It affects your dexterity (+3).
   rN:        It protects you from negative energy.
   Stlth:     It makes you less stealthy.
 x - a +1 morningstar
 E - the cursed +3 short sword of Curses and Power (weapon) {vorpal, rPois rN++ Will+ MP+9, Cun, Fort}
   (You found it on level 8 of the Dungeon)

   It inflicts extra damage upon your enemies.
   rPois:     It protects you from poison.
   rN:        It greatly protects you from negative energy.
   MP:        It affects your magic capacity (+9).
   Will:      It increases your willpower.
   It has a curse which improves the following skills: Cunning: Dodging and
   Stealth.
   Fortitude: Armour and Shields.
Missiles
 d - 136 stones
 u - 9 boomerangs
 v - 32 poisoned darts (quivered)
Armour
 e - the cursed +0 helmet of Ashenzari's Regret (worn) {Cun, Range}
   (You found it on level 1 of the Dungeon)

   It has a curse which improves the following skills: Cunning: Dodging and
   Stealth.
   Ranged Combat: Slings, Bows, Crossbows and Throwing.
 j - the cursed scarf of Ashenzari's Stars (worn) {+Inv, Range, Evo}
   (You found it on level 2 of the Dungeon)

   It has a curse which improves the following skills: Ranged Combat: Slings,
   Bows, Crossbows and Throwing.
   Evocations: Evocations.
 k - the cursed +0 buckler of Ashenzari's Portent (worn) {Self, Cun}
   (You found it on level 2 of the Dungeon)

   It has a curse which improves the following skills: Introspection: Fighting
   and Spellcasting.
   Cunning:   Dodging and Stealth.
 y - the cursed +1 robe "Prophetic Foul Odors" (worn) {rC+ rN+ rCorr, Self, Cun}
   (You found it on level 5 of the Dungeon)

   rC:        It protects you from cold.
   rN:        It protects you from negative energy.
   rCorr:     It protects you from acid and corrosion.
   It has a curse which improves the following skills: Introspection: Fighting
   and Spellcasting.
   Cunning:   Dodging and Stealth.
 z - a +0 tower shield
 F - +0 acid dragon scales
Jewellery
 D - a +4 ring of evasion
Wands
 p - a wand of flame (42)
 w - a wand of paralysis (9)
 B - a wand of iceblast (8)
Scrolls
 c - 4 scrolls of blinking
 g - a scroll of amnesia
 i - 8 scrolls of identify
 l - 3 scrolls of enchant weapon
 q - 2 scrolls of teleportation
 r - a scroll of enchant armour
 C - a scroll of summoning
Potions
 f - 2 potions of heal wounds
 h - 2 potions of brilliance
 n - 2 potions of flight
 s - 2 potions of haste
 A - 3 potions of might


   Skills:
 + Level 8.1(11.0) Fighting
 - Level 4.0 Short Blades
 - Level 2.0(4.2) Throwing
 + Level 0.0(0.2) Armour
 + Level 7.4(12.0) Dodging
 - Level 4.0(8.3) Stealth
 + Level 4.3(6.1) Shields
 + Level 7.4(10.3) Spellcasting
 - Level 1.1(2.3) Evocations


You had 2 spell levels left.
You knew the following spells:

 Your Spells              Type           Power      Damage    Failure   Level
a - Magic Dart            Conj           100%       1d8       1%          1
b - Searing Ray           Conj           100%       3d7       1%          2
c - Dazzling Flash        Conj/Hex       100%       N/A       1%          3
d - Fulminant Prism       Conj/Hex       25%        3d14      1%          4
e - Iskenderun's Mystic   Conj/Tloc      51%        2d11      1%          4
f - Corona                Hex            56%        N/A       1%          1
g - Passwall              Tmut/Erth      42%        N/A       1%          2
h - Call Canine Familiar  Summ           51%        N/A       1%          3
i - Airstrike             Air            25%        N/A       1%          4
j - Leda's Liquefaction   Hex/Erth       25%        N/A       1%          4
Your spell library was empty.

Dungeon Overview and Level Annotations

Branches:
Dungeon (9/15)             Temple (0/1) D:5
   Lair: D:8-11         Orc: D:9-12

Altars:
Ashenzari
Cheibriados
Dithmenos
Okawaru
Qazlal
Ru
Trog
Uskayaw
Vehumet
Wu Jian
Xom
Yredelemnul

Annotations:
D:6 exclusion: statue


Innate Abilities, Weirdness & Mutations

You are immune to sickness and miasma.
You are immune to poison.
Your flesh is very heat resistant. (rF++)
You are vulnerable to cold. (rC-)
You float through the air rather than walking.
You learn spells naturally, not from books.
Your magical power is your life essence.
You have superior vitality. (+4 HP)


Message History

Casting: Airstrike (mildly dangerous; 1% risk of failure)
Confirm with . or Enter, or press ? or * to list all spells.
Aiming: Airstrike (mildly dangerous; 1% risk of failure)
Press: ? - help, Dir - move target, f/p - spark wasp
Aim: a spark wasp shaped shifter (heavily wounded)
The air twists around and strikes the spark wasp!
The spark wasp is heavily wounded.
Casting: Airstrike (mildly dangerous; 1% risk of failure)
Confirm with . or Enter, or press ? or * to list all spells.
Aiming: Airstrike (mildly dangerous; 1% risk of failure)
Press: ? - help, Dir - move target, f/p - spark wasp
Aim: a spark wasp shaped shifter (heavily wounded)
The air twists around and strikes the spark wasp.
The spark wasp is severely wounded.
An acid dragon comes into view.
Casting: Airstrike (mildly dangerous; 1% risk of failure)
Confirm with . or Enter, or press ? or * to list all spells.
Aiming: Airstrike (mildly dangerous; 1% risk of failure)
Press: ? - help, Dir - move target, f/p - spark wasp
Aim: a spark wasp shaped shifter (severely wounded)
The air twists around and strikes the spark wasp!
The spark wasp is almost dead.
The spark wasp stings you! The spark wasp shocks you!
Casting: Airstrike (mildly dangerous; 1% risk of failure)
Confirm with . or Enter, or press ? or * to list all spells.
Aiming: Corona (safe; 1% risk of failure)
Press: ? - help, Shift-Dir - straight line, f/p - spark wasp
Aim: a spark wasp shaped shifter (almost dead, chance to affect: 67%)
Okay, then.
Casting: Corona (safe; 1% risk of failure)
Confirm with . or Enter, or press ? or * to list all spells.
Aiming: Airstrike (mildly dangerous; 1% risk of failure)
Press: ? - help, Dir - move target, f/p - spark wasp
Aim: a spark wasp shaped shifter (almost dead)
The air twists around and strikes the spark wasp!
The spark wasp is almost dead.
The spark wasp barely misses you. The spark wasp stings you!!
* * * LOW HITPOINT WARNING * * *
The spark wasp shocks you!
You die...

.............#####..........##.#
..........#### #.###########.#
........[.# #.# #.# ..........#
#.# #.# ........#### #.# #.#
...........## ####.# #.##
.......^....###....# #..)
.............##.##.##### #####>#.
....#........##.@......###.......
#####........##.y###.........###.
#........##..#∆####...####∆#.
##......###..#* ,##### ,{##.
##....## #...*,,, ,,#.. ######
#.D.*, *{ , , ,#.. #... * ##..
#.... , * *#..#... * * , ,
#.D#...


You could see a spark wasp shaped shifter and an acid dragon.

Vanquished Creatures
  A two-headed ogre (D:8)
  A manticore (D:8)
  Prince Ribbit (D:6)
  3 yaks
  2 steam dragons (D:8)
  An acid dragon (D:8)
  Edmund (D:4)
  5 water moccasins
  4 ice beasts
  3 black bears
  2 sky beasts
  An orc warrior (D:8)
  A necrophage (D:7)
  2 centaurs (D:8)
  2 ogres
  A kobold brigand (D:7)
  A gnoll sergeant (D:8)
  A bullfrog (D:8)
  A scorpion (D:5)
  2 wyvern zombies
  A water moccasin skeleton (D:6)
  4 killer bees
  7 wights
  A howler monkey (D:8)
  8 centaur zombies
  A bullfrog zombie (D:7)
  3 orc priests
  2 bullfrog skeletons
  3 hounds (D:4)
  2 centaur skeletons
  A jelly (D:6)
  2 iguanas
  3 orc wizards
  A killer bee zombie (D:7)
  A hound zombie (D:5)
  2 howler monkey zombies
  A howler monkey skeleton (D:7)
  3 adders
  A shadow imp (D:6)
  2 white imps
  2 adder skeletons (D:4)
  A worm (D:4)
  3 dart slugs
  15 orcs
  5 endoplasms
  5 giant cockroaches
  11 hobgoblins
  5 jackals
  3 quokkas
  8 ball pythons
  6 bats
  2 frilled lizards
  11 goblins
  11 kobolds
  A quokka skeleton (D:4)
  5 rats
179 creatures vanquished.

Vanquished Creatures (others)
  48 fulminant prisms
  10 plants (D:1)
58 creatures vanquished.

Grand Total: 237 creatures vanquished

Notes
Turn   | Place    | Note
-------+----------+-------------------------------------------
     0 | D:1      | bearlyready the Djinni Conjurer began the quest for the
                  | Orb.
     0 | D:1      | Reached XP level 1. HP: 15/15 MP: 0/0
   137 | D:1      | Reached XP level 2. HP: 10/21 MP: 0/0
   898 | D:1      | Reached XP level 3. HP: 22/26 MP: 0/0
   898 | D:1      | Learned a level 1 spell: Corona
  1162 | D:1      | Reached skill level 1 in Fighting
  1962 | D:2      | Reached XP level 4. HP: 26/32 MP: 0/0
  2357 | D:3      | Found a sacrificial altar of Ru.
  2367 | D:3      | Reached skill level 1 in Shields
  2716 | D:3      | Reached XP level 5. HP: 38/38 MP: 0/0
  2716 | D:3      | Learned a level 2 spell: Passwall
  2730 | D:3      | Reached skill level 2 in Fighting
  2809 | D:3      | Found a bloodstained altar of Trog.
  3222 | D:3      | Found an ornate altar of the Wu Jian Council.
  3224 | D:3      | Found a snail-covered altar of Cheibriados.
  3224 | D:3      | Found a shimmering altar of Xom.
  3224 | D:3      | Found a broken altar of Ashenzari.
  3241 | D:3      | Found a hide-covered altar of Uskayaw.
  3244 | D:3      | Became a worshipper of Ashenzari the Shackled
  3293 | D:3      | Found a stormy altar of Qazlal.
  3587 | D:4      | Noticed Edmund
  3590 | D:4      | Noticed an ogre
  3689 | D:4      | Reached skill level 1 in Short Blades
  4030 | D:4      | Killed an ogre
  4031 | D:4      | Reached XP level 6. HP: 31/45 MP: 0/0
  4144 | D:4      | Reached skill level 3 in Fighting
  4815 | D:4      | Identified the +4 spear "Are Etio" {vorpal, rN+ Int+3 Dex+3
                  | Stlth-}
  4885 | D:4      | Killed Edmund
  4886 | D:4      | Reached XP level 7. HP: 21/50 MP: 0/0
  4886 | D:4      | Learned a level 3 spell: Call Canine Familiar
  5322 | D:5      | Entered Level 5 of the Dungeon
  5396 | D:5      | Found a staircase to the Ecumenical Temple.
  5858 | D:5      | Identified the +1 robe of Parlour Games {rC+ rN+ rCorr}
  6282 | D:5      | Found an iron altar of Okawaru.
  6307 | D:5      | Reached skill level 1 in Throwing
  6337 | D:5      | Reached skill level 4 in Fighting
  6337 | D:5      | Reached XP level 8. HP: 42/58 MP: 0/0
  6503 | D:5      | Reached * piety under Ashenzari
  6873 | D:6      | Reached skill level 5 in Spellcasting
  7232 | D:7      | Reached skill level 5 in Fighting
  7367 | D:7      | Found a basalt altar of Yredelemnul.
  7385 | D:7      | Reached XP level 9. HP: 50/67 MP: 0/0
  7385 | D:7      | Learned a level 4 spell: Airstrike
  8591 | D:6      | Reached ** piety under Ashenzari
  8631 | D:6      | Reached skill level 6 in Fighting
  8639 | D:6      | Noticed Prince Ribbit
  8837 | D:6      | Killed Prince Ribbit
  8866 | D:6      | Reached skill level 5 in Dodging
  9016 | D:6      | Found a shadowy altar of Dithmenos.
  9165 | D:6      | Reached XP level 10. HP: 57/78 MP: 0/0
  9865 | D:8      | Reached *** piety under Ashenzari
  9937 | D:8      | Noticed a manticore
  9966 | D:8      | Identified the +3 short sword of the Viper {vorpal, rPois
                  | rN++ Will+ MP+9}
 10007 | D:8      | Reached skill level 1 in Evocations
 10145 | D:8      | Reached skill level 7 in Fighting
 10331 | D:8      | Noticed a two-headed ogre
 10339 | D:8      | Killed a manticore
 10695 | D:8      | Noticed a two-headed ogre
 10715 | D:8      | Killed a two-headed ogre
 10901 | D:8      | Noticed a boulder beetle
 11638 | D:8      | Reached skill level 8 in Fighting
 11646 | D:8      | Reached XP level 11. HP: 67/86 MP: 0/0
 11646 | D:8      | Learned a level 4 spell: Leda's Liquefaction
 12103 | D:8      | Noticed an entropy weaver
 12104 | D:8      | Noticed a spark wasp
 12104 | D:8      | an entropy weaver changed into a spark wasp
 12110 | D:8      | Slain by a spark wasp (shapeshifter)

Illustrated notes

Levels and vault maps discovered:
D:1:      ncdulo_smallfort, layout_rooms, chequers_big_river
D:2:      layout_rooms
D:3:      layout_loops_ring, nicolae_ru_great_annihilating_truth,
          minmay_overflow_temple_hex, lightli_temple_of_fire
D:4:      minmay_angry_zag, layout_loops_ring, serial_bayou_pond_e,
          minmay_misc_feat_doors, minmay_quadrilaterals, uniq_edmund
D:5:      layout_basic, kennysheep_mini, minmay_temple_entry_glassed_door
D:6:      layout_loops_ring, vehumet_statue,
          nicolae_dithmenos_through_a_glass_darkly, uniq_prince_ribbit1
D:7:      layout_basic, nicolae_yredelemnul_corpse_copse
D:8:      minmay_four_partial_circles, layout_basic, grunt_ministairs_4,
          minmay_pinched_square
D:9:      layout_small_grid, lair_entry_dummy, uniq_joseph, uniq_psyche

Skill      XL: |  1  2  3  4  5  6  7  8  9 10 |
---------------+-------------------------------+-----
Fighting       | 1 2 3 4 5 6 8 |  8.1
Spellcasting   | 4 5 6 7 |  7.4
Shields        | 1 2 3 4 |  4.3
Short Blades   | 1 2 4 |  4.0
Stealth        | 2 3 4 |  4.0
Throwing       | 1 2 |  2.0
Dodging        | 5 7 |  7.4
Evocations     | 1 |  1.1

Action                   |  1- 3 |  4- 6 |  7- 9 | 10-12 || total
-------------------------+-------+-------+-------+-------++-------
Melee: Whip              |    33 |       |       |       ||    33
       Unarmed           |     1 |       |       |       ||     1
       Dagger            |       |   120 |   146 |    17 ||   283
       Short sword       |       |       |       |    46 ||    46
Throw: Stone             |       |     4 |     7 |       ||    11
       Dart              |       |       |    10 |    13 ||    23
       Boomerang         |       |       |     1 |       ||     1
 Cast: Magic Dart        |    61 |    18 |    11 |       ||    90
       Searing Ray       |     2 |     5 |    25 |    17 ||    49
       Fulminant Prism   |       |     6 |    25 |    17 ||    48
       Corona            |       |     1 |       |       ||     1
       Airstrike         |       |       |       |     7 ||     7
Invok: Curse Item        |       |       |     3 |     2 ||     5
Evoke: Wand              |       |       |       |     2 ||     2
  Use: Scroll            |       |       |     1 |     1 ||     2
 Stab: Sleeping          |     1 |     3 |     2 |     2 ||     8
Armor: Robe              |    10 |    17 |    65 |     8 ||   100
Dodge: Dodged            |    32 |    62 |   137 |    82 ||   313
Block: Buckler           |     1 |    11 |    56 |    27 ||    95
